 Dungeon Crawl Stone Soup version 0.16-a0-3544-gf6bfca6 (webtiles) character file.

7232 Gronka the Grappler (level 10, -5/100 HPs)
             Began as a Troll Berserker on Jan 9, 2015.
             Was a High Priest of Trog.
             Slain by a blink frog (17 damage)
             ... on level 3 of the Lair of Beasts.
             The game lasted 00:54:09 (8949 turns).

Gronka the Grappler (Troll Berserker)               Turns: 8949, Time: 00:54:10

Health: -5/100     AC:  6    Str: 29    XL:     10   Next: 88%
Magic:  4/4        EV: 13    Int:  5    God:    Trog [*****.]
Gold:   664        SH:  0    Dex: 10    Spells: 0 memorised, 9 levels left

rFire  . . .     SeeInvis .       - Unarmed
rCold  . . .     Clarity  +     b - +1 animal skin
rNeg   . . .     SustAb   .     (shield restricted)
rPois  .         Gourm    +     (helmet restricted)
rElec  .         Spirit   .     (no cloak)
rCorr  .         Warding  .     (gloves unavailable)
rMut   .         Stasis   .     (boots unavailable)
MR     ++...                    A - amulet of clarity
Stlth  ++........               C - ring of teleport control
                                n - +2 ring of intelligence

@: exhausted, regenerating, slowed, very slow, very resistant to hostile
enchantments, unstealthy
A: unfitting armour, claws 3, fast metabolism 3, gourmand, regeneration 2,
shaggy fur 1, tough skin 2
a: Burn Spellbooks, Berserk, Trog's Hand, Brothers in Arms, Renounce Religion,
Evoke Teleport Control


You were on level 3 of the Lair of Beasts.
You worshipped Trog.
Trog was extremely pleased with you.
You were not hungry.

You visited 3 branches of the dungeon, and saw 12 of its levels.

You collected 664 gold pieces.

Inventory:

Hand weapons
 p - a +3 arbalest of flaming
Missiles
 D - 6 javelins of penetration
 J - a large rock (quivered)
Armour
 b - a +1 animal skin (worn)
Jewellery
 n - a +2 ring of intelligence (left claw)
 A - an amulet of clarity (around neck)
 C - a ring of teleport control (right claw)
Magical devices
 q - a wand of magic darts (26)
 w - a wand of cold (5)
 x - a wand of slowing (25)
 y - a wand of teleportation (5)
 E - a wand of slowing (6)
 F - a wand of flame (21)
 I - a wand of fire (9)
Scrolls
 a - 3 scrolls of fear {unknown}
 d - 3 scrolls of magic mapping {unknown}
 e - 4 scrolls of remove curse
 j - a scroll of fog
 l - 3 scrolls of enchant armour
 m - 6 scrolls of identify
 o - 3 scrolls of enchant weapon
 s - a scroll of random uselessness
 G - a scroll of blinking
 H - a scroll of holy word {unknown}
Potions
 f - 2 potions of brilliance
 g - 2 potions of might
 h - 2 potions of haste {unknown}
 i - 2 potions of ambrosia {unknown}
 k - a potion of resistance {unknown}
 u - 2 potions of agility
 B - a potion of mutation {unknown}
 L - a potion of degeneration {unknown}
Comestibles
 c - 2 bread rations
 t - a royal jelly
 v - 4 meat rations
 z - 2 slices of pizza
 K - 3 fruits


   Skills:
 + Level 6.5 Fighting
 + Level 2.0 Throwing
 + Level 1.6 Armour
 + Level 9.4 Dodging
 + Level 2.6 Stealth
 + Level 9.8 Unarmed Combat


You had 9 spell levels left.
You didn't know any spells.

Dungeon Overview and Level Annotations

Branches:
Dungeon (8/15)             Temple (1/1) D:4            Lair (3/8) D:8
  Snake (0/5) Lair:3
  Swamp: Lair:3-6    Shoals: Lair:3-6

Altars:
Cheibriados
Dithmenos
Elyvilon
Fedhas
Gozag
Kikubaaqudgha
Makhleb
Nemelex Xobeh
Okawaru
Qazlal
Ru
Sif Muna
Trog
Vehumet
Xom
Yredelemnul
Zin
The Shining One

Shops:
D:7 [

Annotations:
D:5 exclusion: statue


Innate Abilities, Weirdness & Mutations

You are too large for most types of armour.
You have claws for hands.
Your metabolism is lightning-fast.
You like to eat raw meat.
You heal very quickly.
You are covered in fur (AC +1).
You have very tough skin (AC +2).


Message History

You are exhausted.
You feel yourself slow down.
Drink which item? (? for menu, Esc to quit)
Okay, then.
Use which ability? (? or * to list)
Your two-headed ogre goes berserk!
You feel somewhat more hungry.
The blink frog is no longer bleeding.
The blink frog barely misses your two-headed ogre.
The blink frog closely misses you.
The blink frog blinks!
The blink frog closely misses you.
Use which ability? (? or * to list)
Your skin crawls.
You feel resistant to hostile enchantments.
You feel slightly more hungry.
The blink frog is no longer bleeding.
The blink frog hits your two-headed ogre!
The blink frog closely misses you.
Your two-headed ogre completely misses the blink frog. x2
The blink frog hits your two-headed ogre!
The blink frog misses you. The blink frog hits you!
You die...

## ######## #.###...#..#
####..........### ###.
................# ###P....
................####........
#...........F................
##..........§O.@F............
#.............F..............
.#P...........................
..........................###
.........(............#.#.P#
............#..#####.######
!F......####.##.#.......##
.......# #####.........#
..#..## ###...........#


You could see 3 blink frogs and a friendly two-headed ogre (berserk).

Vanquished Creatures
  Nergalle (Lair:1)
  Pikel (D:7)
  A black mamba (Lair:3)
  3 spiny frogs
  2 blink frogs (Lair:3)
  3 yaks (Lair:3)
  A spriggan (D:8)
  Eustachio (D:6)
  Menkaure (D:5)
  5 porcupines
  A water moccasin (Lair:2)
  2 ice beasts
  2 slaves (D:7)
  A wasp (D:8)
  2 ogres
  3 orc warriors
  2 centaurs
  Sigmund (D:7)
  Duvessa (D:7)
  2 giant frogs
  3 crocodiles
  Blork the orc (D:8)
  A brain worm (D:8)
  An electric eel (Lair:1)
  7 wights
  Dowan (D:7)
  3 crimson imps
  2 goliath beetles
  4 orc priests
  2 quasits
  4 hounds
  A jelly (D:5)
  3 orc wizards
  2 worker ants
  2 hound skeletons (D:6)
  7 adders
  A worker ant zombie (D:7)
  7 gnolls
  5 river rats (Lair:3)
  A shadow imp (D:5)
  2 giant mites
  A worm (D:3)
  2 adder zombies
  3 adder skeletons
  3 giant geckos
  29 orcs
  A ball python (D:3)
  A bat skeleton (D:5)
  A bat zombie (D:5)
  4 giant cockroaches
  12 goblins
  13 hobgoblins
  11 bats
  A giant gecko skeleton (D:4)
  5 giant newts
  6 jackals
  A jackal zombie (D:6)
  11 kobolds
  6 quokkas
  A quokka zombie (D:5)
  12 rats
  2 rat zombies (D:8)
  2 spectral orcs
224 creatures vanquished.

Vanquished Creatures (collateral kills)
  7 nagas (Lair:3)
7 creatures vanquished.

Vanquished Creatures (others)
  A hound (D:7)
  2 plants (Lair:1)
3 creatures vanquished.

Grand Total: 234 creatures vanquished

Notes
Turn   | Place    | Note
--------------------------------------------------------------
     0 | D:1      | Gronka, the Troll Berserker, began the quest for the Orb.
     0 | D:1      | Reached XP level 1. HP: 22/22 MP: 1/1
   131 | D:1      | Reached XP level 2. HP: 29/29 MP: 1/1
   233 | D:1      | Acquired Trog's second power
   714 | D:2      | Reached XP level 3. HP: 33/36 MP: 2/2
  1145 | D:2      | Reached skill level 4 in Unarmed Combat
  1443 | D:3      | Reached XP level 4. HP: 44/44 MP: 2/2
  1523 | D:3      | Received a gift from Trog
  1733 | D:3      | Found a bloodstained altar of Trog.
  2007 | D:3      | Reached XP level 5. HP: 53/53 MP: 2/2
  2326 | D:4      | Found a staircase to the Ecumenical Temple.
  2333 | Temple   | Entered the Ecumenical Temple
  2497 | D:4      | Acquired Trog's third power
  2669 | D:4      | Reached XP level 6. HP: 61/61 MP: 3/3
  2838 | D:5      | Entered Level 5 of the Dungeon
  2947 | D:5      | Reached skill level 5 in Unarmed Combat
  3129 | D:5      | Found a deep blue altar of Sif Muna.
  3332 | D:5      | Noticed Menkaure
  3337 | D:5      | Killed Menkaure
  3337 | D:5      | Reached skill level 1 in Stealth
  3337 | D:5      | Reached XP level 7. HP: 31/68 MP: 3/3
  3422 | D:5      | Found a radiant altar of Vehumet.
  3857 | D:6      | Reached skill level 6 in Unarmed Combat
  3887 | D:6      | Noticed Eustachio
  3907 | D:6      | Killed Eustachio
  3967 | D:6      | Reached skill level 5 in Dodging
  3967 | D:6      | Reached XP level 8. HP: 70/78 MP: 3/3
  4465 | D:6      | Found a sacrificial altar of Ru.
  4562 | D:6      | Reached skill level 7 in Unarmed Combat
  5294 | D:7      | Found a burning altar of Makhleb.
  5364 | D:7      | Found a white marble altar of Elyvilon.
  5365 | D:7      | Noticed Pikel
  5412 | D:7      | HP: 3/79 [Pikel/whip of freezing (2)]
  5441 | D:7      | Killed Pikel
  5441 | D:7      | Reached skill level 5 in Fighting
  5441 | D:7      | Reached XP level 9. HP: 15/88 MP: 4/4
  5604 | D:7      | Noticed Sigmund
  5610 | D:7      | Killed Sigmund
  5759 | D:7      | Found Doaniuro's Armour Shop.
  5852 | D:7      | Noticed Duvessa
  5853 | D:7      | Noticed Dowan
  5862 | D:7      | Killed Duvessa
  5874 | D:7      | Killed Dowan
  5874 | D:7      | Received a gift from Trog
  5874 | D:7      | Reached skill level 8 in Unarmed Combat
  6097 | D:7      | Found a basalt altar of Yredelemnul.
  6220 | D:8      | Noticed Blork the orc
  6242 | D:8      | Killed Blork the orc
  6299 | D:8      | Found a snail-covered altar of Cheibriados.
  6484 | D:8      | Found an ancient bone altar of Kikubaaqudgha.
  6548 | D:8      | Found an iron altar of Okawaru.
  6626 | D:8      | Found a staircase to the Lair.
  6633 | Lair:1   | Entered Level 1 of the Lair of Beasts
  6655 | Lair:1   | Noticed a spiny frog
  6663 | Lair:1   | Killed a spiny frog
  6663 | Lair:1   | Reached skill level 1 in Throwing
  6801 | Lair:1   | Noticed Nergalle
  6823 | Lair:1   | Killed Nergalle
  6823 | Lair:1   | Reached XP level 10. HP: 98/98 MP: 4/4
  6896 | Lair:1   | Reached skill level 9 in Unarmed Combat
  8389 | Lair:3   | Noticed a black mamba
  8395 | Lair:3   | Killed a black mamba
  8627 | Lair:3   | Received a gift from Trog
  8650 | Lair:3   | Found a staircase to the Snake Pit.
  8949 | Lair:3   | Slain by a blink frog

Action                   |  1- 3 |  4- 6 |  7- 9 | 10-12 || total
-------------------------+-------+-------+-------+-------++-------
Melee: Unarmed           |   116 |   142 |   310 |   130 ||   698
Throw: Large rock        |       |     4 |    12 |     4 ||    20
       Javelin           |       |       |     2 |       ||     2
Invok: Berserk           |       |     3 |     5 |     2 ||    10
       Burn Spellbooks   |       |     1 |     1 |     3 ||     5
       Trog's Hand       |       |       |     1 |     1 ||     2
       Brothers in Arms  |       |       |       |     2 ||     2
  Use: Scroll            |       |     1 |     6 |       ||     7
       Potion            |       |       |    12 |     1 ||    13
 Stab: Sleeping          |     1 |       |       |       ||     1
  Eat: Chunk             |     4 |     2 |    20 |    15 ||    41
       Meat ration       |     2 |     1 |       |       ||     3
       Bread ration      |       |     1 |     4 |     2 ||     7
       Fruit             |       |     5 |       |       ||     5
       Beef jerky        |       |     1 |       |       ||     1
